 Dungeon Crawl Stone Soup version 0.23-a0-358-g98c7a59 (webtiles) character file.

4932 namelastname112 the Destroyer (level 10, -3/75 HPs)
             Began as a Black Draconian Wizard on Oct 23, 2018.
             Was an Initiate of Vehumet.
             Slain by a centaur warrior simulacrum (16 damage)
             ... summoned by the darkness of Dithmenos
             ... on level 9 of the Dungeon.
             The game lasted 00:19:09 (9946 turns).

namelastname112 the Destroyer (DrWz)                Turns: 9946, Time: 00:19:10

Health: -3/75      AC:  8    Str:  9    XL:     10   Next: 27%
Magic:  9/22       EV: 13    Int: 21    God:    Vehumet [......]
Gold:   500        SH:  0    Dex: 11    Spells: 18/25 levels left

rFire    . . .     SeeInvis .   b - +2 flail (venom)
rCold    . . .     Gourm    .   (no shield)
rNeg     . . .     Faith    .   (armour unavailable)
rPois    .         Spirit   .   a - +0 hat
rElec    +         Reflect  .   p - +0 cloak
rCorr    .         Harm     .   (no gloves)
MR       .....                  (no boots)
Stlth    +.........             d - amulet of rage
HPRegen  0.22/turn              (no ring)
MPRegen  0.18/turn              (no ring)

@: slowed, heavily drained, very slow
A: breathe lightning, unfitting armour, reduced essence, electricity resistance,
cold-blooded, AC +7
a: Breathe Lightning, Renounce Religion, Evoke Berserk Rage


You were on level 9 of the Dungeon.
You worshipped Vehumet.
Vehumet was noncommittal.
You were not hungry.

You visited 2 branches of the dungeon, and saw 10 of its levels.

You collected 500 gold pieces.

Inventory:

Hand Weapons
 b - a +2 flail of venom (weapon)
Armour
 a - a +0 hat (worn)
 p - a +0 cloak (worn)
Jewellery
 d - an amulet of rage (around neck)
 w - an uncursed amulet of guardian spirit {unknown}
Wands
 r - a wand of flame (25)
 v - a wand of clouds (7)
 x - a wand of paralysis (14)
 y - a wand of iceblast (5)
 C - a wand of digging (15)
Scrolls
 f - 3 scrolls of magic mapping
 g - 5 scrolls of remove curse
 h - a scroll of fear {unknown}
 k - 2 scrolls of fog {unknown}
 m - 6 scrolls of identify
 q - 3 scrolls of enchant weapon {unknown}
 s - a scroll of enchant armour {unknown}
 t - 3 scrolls of teleportation
 u - 3 scrolls of amnesia
 D - 2 scrolls of blinking {unknown}
Potions
 e - 2 potions of curing
 i - a potion of lignification
 j - a potion of might {unknown}
 l - 3 potions of heal wounds {unknown}
 n - a potion of mutation {unknown}
 o - a potion of invisibility {unknown}
 z - a potion of resistance {unknown}
 A - 2 potions of haste {unknown}
 B - 2 potions of ambrosia {unknown}
 E - a potion of agility {unknown}
Comestibles
 c - 13 rations
 F - 4 chunks of flesh


   Skills:
 + Level 6.6(4.4) Fighting
 + Level 5.8(3.7) Dodging
 - Level 1.7(0.0) Stealth
 + Level 8.3(6.0) Spellcasting
 + Level 8.4(6.1) Conjurations
   Level 1.0(0.0) Summonings
   Level 1.0(0.0) Translocations
 * Level 4.6(2.6) Air Magic


You had 18 spell levels left.
You knew the following spells:

 Your Spells              Type           Power        Failure   Level  Hunger
a - Conjure Flame         Conj/Fire      ###.....     9%          3    ##.....
c - Mephitic Cloud        Conj/Pois/Air  ###.....     9%          3    ##.....
z - Magic Dart            Conj           ####         1%          1    None

Your spell library contained the following spells:

 Spells                   Type           Power        Failure   Level  Hunger
 Blink                    Tloc           N/A          14%         2    None
 Call Imp                 Summ           #.......     14%         2    None
 Slow                     Hex            #.......     14%         2    None


Dungeon Overview and Level Annotations

Branches:
Dungeon (9/15)             Temple (1/1) D:7
   Lair: D:8-11         Orc: D:9-12

Altars:
Ashenzari
Cheibriados
Dithmenos
Elyvilon
Fedhas
Gozag
Hepliaklqana
Kikubaaqudgha
Makhleb
Nemelex Xobeh
Okawaru
Qazlal
Ru
Sif Muna
Trog
Uskayaw
Vehumet
Wu Jian
Xom
Yredelemnul
Zin
The Shining One

Shops:
D:5 [

Annotations:
D:4 1 runed door, namelastname112's ghost, amateur DrWn


Innate Abilities, Weirdness & Mutations

You can breathe wild blasts of lightning.
Your glossy black scales are hard. (AC +7)
You cannot fit into any form of body armour.
You are resistant to electric shocks. (rElec)
You are cold-blooded and may be slowed by cold attacks.
Your life essence is reduced to manifest your ancestor. (-10% HP)


Message History

The centaur warrior simulacrum hits you.
The centaur warrior simulacrum freezes you!
You feel yourself slow down. The soldier ant stings you!
You take 31 damage, and have 44/75 hp.
MASSIVE DAMAGE!!
You now have 8/22 mp.
The centaur warrior simulacrum hits you but does no damage.
The soldier ant stings you but does no damage.
The six-headed hydra bites you but does no damage.
The six-headed hydra barely misses you. The six-headed hydra bites you! x2
* * * LOW HITPOINT WARNING * * *
The six-headed hydra bites you but does no damage.
The six-headed hydra bites you.
* * * LOW HITPOINT WARNING * * *
You take 28 damage, and have 16/75 hp.
MASSIVE DAMAGE!!
You feel yourself speed up. The soldier ant closely misses you.
The centaur warrior simulacrum hits you.
* * * LOW HITPOINT WARNING * * *
The centaur warrior simulacrum freezes you!
You feel yourself slow down.
You die...

#### ####... #....##
######### ###....
#.....†.# ######.##
#.......#######..).....
#.............)[#####..
#...DZ@..#...#### ##.
#....aw.##...# ##
#........#...# #
#...##.###...## #######
#### #.# #....# #.....#
.#. #....# #...... ##
#.#....###......
####..........#
#......#......


You could see a six-headed hydra, a soldier ant, a worm and a centaur warrior
simulacrum.

Vanquished Creatures
  Pikel (D:5)
  2 hornets (D:9)
  Sigmund (D:6)
  A wyvern (D:8)
  Edmund (D:5)
  Duvessa (D:5)
  3 water moccasins
  2 slaves (D:5)
  3 orc warriors
  5 ice beasts
  A phantom (D:6)
  2 sky beasts
  3 black bears (D:6)
  2 centaurs
  6 ogres
  Blork the orc (D:4)
  6 bullfrogs
  3 scorpions
  Dowan (D:5)
  A water moccasin skeleton (D:5)
  15 wights
  4 howler monkeys
  3 crimson imps (D:6)
  2 quasits
  4 orc priests
  3 hounds
  5 orc wizards
  5 bullfrog skeletons
  A centaur skeleton (D:5)
  2 iguanas
  A worker ant (D:5)
  Ijyb (D:4)
  Natasha (thrice) (D:3)
  A hound skeleton (D:6)
  A worker ant zombie (D:5)
  9 adders
  2 gnolls (D:2)
  4 shadow imps
  2 oozes
  3 adder zombies
  An adder skeleton (D:4)
  2 dart slugs
  3 worms
  2 leopard geckos
  27 orcs
  11 bats
  7 giant cockroaches
  2 gnoll zombies (D:7)
  13 goblins
  7 hobgoblins
  5 jackals
  2 quokkas
  5 frilled lizards
  2 goblin skeletons (D:6)
  A goblin zombie (D:6)
  A hobgoblin zombie (D:6)
  5 kobolds
  A kobold skeleton (D:6)
  A kobold zombie (D:6)
  2 leopard gecko zombies
  An orc zombie (D:6)
  12 rats
230 creatures vanquished.

Notes
Turn   | Place    | Note
-------+----------+-------------------------------------------
     0 | D:1      | namelastname112 the Draconian Wizard began the quest for
                  | the Orb.
     0 | D:1      | Reached XP level 1. HP: 14/14 MP: 4/4
   130 | D:1      | Reached XP level 2. HP: 16/22 MP: 1/6
   497 | D:1      | Reached skill level 1 in Fighting
   502 | D:1      | Reached XP level 3. HP: 27/28 MP: 2/7
  1039 | D:2      | Found a sparkling altar of Nemelex Xobeh.
  1159 | D:2      | Reached XP level 4. HP: 15/35 MP: 2/9
  1225 | D:2      | Found an iron altar of Okawaru.
  1319 | D:2      | Found a faded altar of an unknown god.
  1383 | D:2      | Found a shattered altar of Ashenzari.
  1600 | D:2      | Became a worshipper of Dithmenos the Shadowed
  1600 | D:2      | Reached * piety under Dithmenos
  1941 | D:3      | Found an opulent altar of Gozag.
  2031 | D:3      | Noticed Natasha
  2050 | D:3      | Killed Natasha
  2058 | D:3      | Reached XP level 5. HP: 24/41 MP: 1/10
  2221 | D:3      | Noticed Natasha
  2286 | D:3      | Killed Natasha
  2302 | D:3      | Noticed Natasha
  2307 | D:3      | Killed Natasha
  2307 | D:3      | Reached ** piety under Dithmenos
  2404 | D:4      | Noticed Ijyb
  2408 | D:4      | Noticed an ogre
  2426 | D:4      | Found a runed door.
  2426 | D:4      | Noticed namelastname112's ghost (amateur DrWn)
  2444 | D:5      | Entered Level 5 of the Dungeon
  2682 | D:5      | Noticed a sky beast
  2685 | D:5      | Found Siffyun's Armour Boutique.
  2723 | D:5      | Noticed an ice beast
  2734 | D:5      | Killed a sky beast
  2734 | D:5      | Reached XP level 6. HP: 9/50 MP: 4/12
  2780 | D:5      | Learned a level 3 spell: Conjure Flame
  2871 | D:5      | Killed an ice beast
  3011 | D:5      | Noticed Edmund
  3032 | D:5      | Killed Edmund
  3032 | D:5      | Your scales start taking on a glossy black colour.
  3032 | D:5      | Reached XP level 7. HP: 47/56 MP: 1/14
  3032 | D:5      | Gained mutation: You are resistant to electric shocks.
                  | (rElec) [Black Draconian growth]
  3143 | D:4      | Reached skill level 5 in Spellcasting
  3302 | D:4      | Noticed Blork the orc
  3319 | D:4      | Killed Blork the orc
  3332 | D:4      | Reached skill level 5 in Conjurations
  3557 | D:4      | Reached XP level 8. HP: 64/66 MP: 2/16
  3683 | D:4      | Killed Ijyb
  4047 | D:5      | Noticed Duvessa
  4047 | D:5      | Noticed Dowan
  4058 | D:5      | Killed Dowan
  4062 | D:5      | Killed Duvessa
  4209 | D:5      | Noticed Pikel
  4382 | D:5      | Killed Pikel
  4382 | D:5      | Reached XP level 9. HP: 51/73 MP: 0/19
  4644 | D:5      | Found a burning altar of Makhleb.
  4724 | D:5      | Reached skill level 5 in Fighting
  4979 | D:5      | Got a fine hunting sling
  4980 | D:5      | Identified the +1 hunting sling of Qaren {velocity, rElec}
                  | (You found it on level 5 of the Dungeon)
  5216 | D:6      | Reached *** piety under Dithmenos
  5363 | D:6      | Found a glowing golden altar of the Shining One.
  5581 | D:6      | Noticed Sigmund
  5588 | D:6      | Killed Sigmund
  5588 | D:6      | Reached skill level 5 in Dodging
  5807 | D:6      | Learned a level 3 spell: Mephitic Cloud
  5822 | D:6      | Found a hazy altar of Hepliaklqana.
  5844 | D:6      | Reached skill level 1 in Air Magic
  6191 | D:6      | Found a bloodstained altar of Trog.
  6355 | D:6      | Found a deep blue altar of Sif Muna.
  6407 | D:7      | Found a staircase to the Ecumenical Temple.
  6420 | Temple   | Entered the Ecumenical Temple
  6793 | D:7      | Reached XP level 10. HP: 76/83 MP: 16/22
  7029 | D:7      | Reached **** piety under Dithmenos
  7122 | D:7      | Found a basalt altar of Yredelemnul.
  8489 | D:8      | Found a radiant altar of Vehumet.
  8489 | D:8      | Found a faded altar of an unknown god.
  8494 | D:8      | Found a hide-covered altar of Uskayaw.
  8511 | D:8      | Fell from the grace of Dithmenos
  8511 | D:8      | Became a worshipper of Uskayaw the Reveler
  8511 | D:8      | Reached * piety under Uskayaw
  8514 | D:8      | Found a snail-covered altar of Cheibriados.
  8516 | D:8      | Found a faded altar of an unknown god.
  8524 | D:8      | Fell from the grace of Uskayaw
  8524 | D:8      | Became a worshipper of Hepliaklqana the Forgotten
  8524 | D:8      | Reached * piety under Hepliaklqana
  8533 | D:8      | Fell from the grace of Hepliaklqana
  8533 | D:8      | Became a worshipper of Vehumet
  9942 | D:9      | Noticed a six-headed hydra
  9946 | D:9      | Slain by a centaur warrior simulacrum

Vault maps used:
D:1:      lightli_arrival_farm, minmay_vboxes
D:2:      okawaru_altar_gauntlet_db, ashenzari_altar_1, old_standard_altar,
          chequers_ecumenical_altar_simple, minmay_misc_feat_iff, minivault_25
D:3:      lemuel_crystal_altar, uniq_natasha
D:4:      ebering_ghost_sewer_d, uniq_blork_the_orc, uniq_ijyb
D:5:      makhleb_blood_cavern_becter, first_ration, serial_shops, shop_coins,
          uniq_edmund, uniq_pikel, uniq_duvessa
D:6:      lemuel_blue_sif_altar, nicolae_tso_besieged_by_evil,
          trog_ov_bears_minmay, lemuel_doored_altar, uniq_sigmund
D:7:      lemuel_zombie_altar_yredelemnul, minmay_temple_entry_fiery
D:8:      chequers_temple_overflow_minitemple
D:9:      hangedman_pestilent_swarm, dk_noncrumbling_2
Temple:   compressed_dpeg_triangle_lava_temple

Skill      XL: |  1  2  3  4  5  6  7  8  9 10 |
---------------+-------------------------------+-----
Dodging        | 2 3 4 5 |  5.8
Fighting       | 1 2 3 4 6 |  6.6
Conjurations   | 2 3 4 5 6 8 |  8.4
Spellcasting   | 4 5 7 8 |  8.3
Air Magic      | 3 4 |  4.6
Stealth        | |  1.7
Summonings     | |  1.0
Translocations | |  1.0

Action                   |  1- 3 |  4- 6 |  7- 9 | 10-12 || total
-------------------------+-------+-------+-------+-------++-------
Melee: Dagger            |    91 |    36 |       |       ||   127
       Tailslap          |     7 |     4 |    12 |    11 ||    34
       Flail             |       |       |   139 |   109 ||   248
 Cast: Magic Dart        |    53 |   116 |   321 |   235 ||   725
       Conjure Flame     |       |     2 |     5 |     4 ||    11
       Mephitic Cloud    |       |       |       |     6 ||     6
 Abil: Breathe Lightning |       |       |     6 |     1 ||     7
Evoke: Wand              |       |    11 |     8 |    10 ||    29
  Use: Scroll            |       |     1 |     5 |     1 ||     7
       Potion            |       |       |     3 |       ||     3
 Stab: Distracted        |       |     1 |     1 |       ||     2
       Paralysed         |       |       |     4 |       ||     4
  Eat: Chunk             |       |     5 |    11 |     4 ||    20
       Ration            |       |     1 |       |     2 ||     3
Armor: Skin              |    45 |    27 |    77 |    57 ||   206
Dodge: Dodged            |    86 |    48 |   213 |   206 ||   553

Table legend:
 A = Non-vault XP
 B = Vault XP
 C = Vault XP percentage of total XP
 D = Non-vault monster count
 E = Vault monster count
 F = Vault count percentage of total count
                 A         B        C        D         E       F
            +---------+---------+-------+---------+---------+-------
      Total |    5225 |    1821 |  25.8 |     193 |      35 |  15.4
            +---------+---------+-------+---------+---------+-------
        D:1 |      34 |      11 |  24.4 |      22 |       6 |  21.4
        D:2 |      49 |      37 |  43.0 |      13 |       6 |  31.6
        D:3 |     119 |      35 |  22.7 |      21 |       1 |   4.5
        D:4 |     633 |     126 |  16.6 |      23 |       2 |   8.0
        D:5 |     969 |    1073 |  52.5 |      16 |       5 |  23.8
        D:6 |    1310 |     535 |  29.0 |      27 |      11 |  28.9
        D:7 |     951 |       4 |   0.4 |      21 |       2 |   8.7
        D:8 |    1160 |       0 |   0.0 |      35 |       0 |   0.0
        D:9 |       0 |       0 |   N/A |      15 |       2 |  11.8
            +---------+---------+-------+---------+---------+-------
